 Dungeon Crawl Stone Soup version 0.31-a0-691-g409c26aa35 (console) character file.

Game seed: 5562667610811341207

8955 petzl the Covert (level 11, -4/75 (79) HPs)
             Began as a Formicid Delver on Sept 6, 2023.
             Was an Initiate of Vehumet.
             Killed from afar by a deep elf pyromancer (7 damage)
             ... with a bolt of fire
             ... on level 15 of the Dungeon.
             The game lasted 01:19:15 (14498 turns).

petzl the Covert (Formicid Delver)                 Turns: 14498, Time: 01:19:16

HP:   -4/75 (79)    AC:  9    Str: 16    XL:     11   Next: 65%
MP:   22/22         EV: 13    Int: 15    God:    Vehumet [......]
Gold: 267           SH:  6    Dex: 15    Spells: 20/24 levels left

rFire   + . .        a - +2 dagger (venom) {!f =f}
rCold   + . .        w - +0 buckler
rNeg    + . .        u - +0 leather armour
rPois   +            (helmet unavailable)
rElec   +            F - +0 cloak
rCorr   +            E - +2 pair of gloves {infuse}
SInv    +            e - +0 pair of boots
Will    +....        I - amulet of magic regeneration
Stlth   ++++         q - ring of positive energy
HPRegen 0.32/turn    m - ring of resist corrosion
MPRegen 0.58/turn

%: infuse magic (1 MP)
@: resistant, drained
A: permanent stasis, dig shafts and tunnels, antennae 3, four strong arms
a: Dig, Shaft Self, Renounce Religion


You were on level 15 of the Dungeon.
You worshipped Vehumet.
Vehumet was noncommittal.
You visited 3 branches of the dungeon, and saw 17 of its levels.
You also visited: Ice Cave.

You collected 634 gold pieces.
You spent 367 gold pieces at shops.

Inventory:

Hand Weapons
 a - a +2 dagger of venom (weapon) {!f =f}
 b - a +4 sling of freezing
 c - a +4 morningstar of flaming
 h - a +1 heavy falchion
 k - a +4 dagger of freezing {!f =f}
 r - a +2 heavy shortbow
 A - a +1 heavy flail
 C - a +0 orcbow
 L - a +4 short sword of draining
Missiles
 j - 10 poisoned darts
Armour
 e - a +0 pair of boots (worn)
 u - a +0 leather armour (worn)
 v - the +8 chain mail of Jigsaw {rC+ MP+9}
   (You found it on level 8 of the Dungeon)

   rC+:       It protects you from cold.
   MP+9:      It affects your magic capacity (+9).
 w - a +0 buckler (worn)
 E - a +2 pair of gloves of infusion (worn)
 F - a +0 cloak (worn)
Jewellery
 m - a ring of resist corrosion (right hand)
 q - a ring of positive energy (left hand)
 I - an amulet of magic regeneration (around neck)
 M - a ring of flight
Talismans
 o - a beast talisman
Wands
 s - a wand of acid (9)
 t - a wand of charming (12)
Scrolls
 d - a scroll of poison
 f - a scroll of brand weapon
 n - 4 scrolls of identify
 p - a scroll of torment
 y - a scroll of vulnerability
 D - 2 scrolls of immolation
 J - a scroll of fog
Potions
 g - 2 potions of attraction {unknown}
 i - 3 potions of mutation {unknown}
 x - a potion of ambrosia
 K - a potion of might


   Skills:
 - Level 5.0 Fighting
 - Level 3.4 Maces & Flails
 - Level 4.0 Ranged Weapons
 + Level 4.5 Armour
 + Level 4.9 Dodging
 - Level 9.0 Stealth
 + Level 8.0 Shields
 + Level 7.3 Spellcasting
 * Level 6.6 Conjurations
 * Level 6.0 Translocations
 - Level 2.0 Evocations


You had 20 spell levels left.
You knew the following spells:

 Your Spells              Type           Power      Damage    Failure   Level
a - Iskenderun's Mystic   Conj/Tloc      24%        2d7       14%         4

Your spell library contained the following spells:

 Spells                   Type           Power      Damage    Failure   Level
 Apportation              Tloc           46%        N/A       1%          1
 Portal Projectile        Hex/Tloc       28%        N/A       16%         3
 Necrotise                Necr           20%        1d5       19%         1
 Summon Small Mammal      Summ           20%        N/A       19%         1
 Ensorcelled Hibernation  Hex/Ice        10%        N/A       28%         2
 Tukima's Dance           Hex            5%         N/A       50%         3
 Anguish                  Hex/Necr       2%         N/A       88%         4
 Animate Dead             Necr           5%         N/A       88%         4
 Cause Fear               Hex            2%         N/A       88%         4
 Alistair's Intoxication  Tmut/Pois      3%         N/A       99%         5
 Enfeeble                 Hex            2%         N/A       100%        7
 Haunt                    Necr/Summ      2%         N/A       100%        7
 Infestation              Necr           2%         N/A       100%        8


Dungeon Overview and Level Annotations

Branches:
Dungeon (15/15)            Temple (1/1) D:7            Lair (1/5) D:8
    Orc (0/2) D:9          Depths (0/4) D:15          IceCv (visited)
 Vaults: D:13-14

Altars:
Ashenzari
Cheibriados
Dithmenos
Elyvilon
Fedhas
Gozag
Hepliaklqana
Kikubaaqudgha
Makhleb
Nemelex Xobeh
Okawaru
Qazlal
Ru
Sif Muna
Trog
Uskayaw
Vehumet
Wu Jian
Xom
Yredelemnul
Zin
The Shining One

Shops:
D:2 [   D:4 (   D:7 ?[**=   D:10 ?

Annotations:
D:3 exclusion: downstairs, Sigmund
D:4 Duvessa
D:5 3 runed translucent doors, SirDiesAlot's ghost, amateur OpIE
D:7 exclusion: downstairs, Maggie; Menkaure
D:8 exclusion: downstairs
D:9 exclusions: killer bee, sensed monster (detected) and 1 more exclusion
D:10 exclusion: downstairs
D:11 exclusions: killer bee, sensed monster (detected) and two-headed ogre
D:12 Lodul
D:14 exclusion: downstairs
D:15 exclusion: vampire mage
Lair:1 Fannar


Innate Abilities, Weirdness & Mutations

You cannot be hasted, slowed, berserked, paralysed or teleported.
You can dig through walls and to a lower floor.
You have a pair of large antennae on your head. (SInv)
Your four strong arms can wield two-handed weapons with a shield.


Message History

The centaur warrior wields a +0 shortbow.
The centaur warrior shoots an arrow.
The arrow hits you.
* * * LOW HITPOINT WARNING * * *
The deep elf pyromancer hits your butterfly with a +0 short sword.
Your butterfly dies!
Your butterfly disappears in a burst of colours!
The centaur warrior unwields a +0 shortbow.
The centaur warrior hits your butterfly!
Your butterfly dies!
Your butterfly disappears in a burst of colours!
You swap places.
The deep elf pyromancer misses your butterfly.
The centaur warrior barely misses your butterfly.
The centaur warrior completely misses your butterfly.
The deep elf pyromancer casts a spell.
The deep elf pyromancer blinks!
A boulder beetle comes into view.
As you read the scroll of fog, it dissolves into smoke.
The centaur warrior hits you!
* * * LOW HITPOINT WARNING * * *
The centaur warrior barely misses you.
You swap places.
The centaur warrior wields a +0 shortbow.
The centaur warrior shoots an arrow.
The arrow hits you but does no damage.
You swap places.
Something barely misses your butterfly.
Something completely misses your butterfly.
The boulder beetle curls into a ball and begins rolling!
The deep elf pyromancer attacks as it pursues you!
The deep elf pyromancer hits you with a +0 short sword.
* * * LOW HITPOINT WARNING * * *
The necromancer hits your butterfly with a +0 dagger.
Your butterfly dies!
Your butterfly disappears in a burst of colours!
Okay, then.
You feel better. The centaur warrior hits you!
* * * LOW HITPOINT WARNING * * *
The centaur warrior kicks you but does no damage.
The deep elf pyromancer casts a spell at you.
The bolt of fire hits you! You resist.
You die...

............V. #.............
.##..........8..
..........8...p #..
#.......88.8.z8 #...#
#.......?.8...8....
..#..####...........8....
.....#...................
#..........#............#
#..###.........p......#.
#...........bb<........
#...#.b..?b............#
###.###{#°{§bb@b.......#.. #
#...#...##{#§ce§b........ ..
#...###...##bb§§§§.~.~.#.###.##
#.## #.{.##.§§§§§§.⌠~.........
#. ###...##b#{§b.§.b~........#
#. .........{§§§§§............
# #..{b...######...<.......
#.b..{b..bc(#............
#...b.#.###..........c..#
#.....##.# ###.#....#....#
.......###.. #.#.#####...#
####... ###. ..#.. ##.. ...##
...##### . #### .. ###


You could see a centaur warrior (ally target), a deep elf pyromancer and a
necromancer.

Vanquished Creatures
  2 two-headed ogres (D:9)
  2 komodo dragons
  2 unseen horrors
  A troll (D:8)
  A centaur simulacrum (D:14)
  A wyvern (D:9)
  9 yaks
  A death yak simulacrum (IceCv)
  A steam dragon (D:8)
  2 water moccasins
  An ice beast (D:6)
  A sky beast (D:7)
  3 orc warriors
  2 black bears (D:6)
  An ogre (D:5)
  3 wolves (D:8)
  3 centaurs
  A phantom (D:7)
  6 bullfrogs
  2 kobold brigands
  A scorpion (D:6)
  13 wights
  Dowan (D:4)
  A killer bee (D:9)
  4 howler monkeys
  2 electric eels (D:8)
  6 hounds
  A jelly (D:7)
  A gnoll bouda (D:7)
  10 orc priests
  2 sleepcaps
  Jessica (D:3)
  Natasha (thrice) (D:3)
  4 iguanas
  Ijyb (D:3)
  6 orc wizards
  Robin (D:3)
  14 adders
  20 gnolls
  A shadow imp (D:6)
  2 white imps
  2 ufetubi
  2 worms (D:5)
  2 dart slugs
  29 orcs
  5 endoplasms
  2 giant cockroaches
  8 goblins
  11 hobgoblins
  4 jackals (D:1)
  5 quokkas
  7 ball pythons
  7 bats
  12 frilled lizards
  15 kobolds
  8 rats
259 creatures vanquished.

Vanquished Creatures (collateral kills)
  A vampire mosquito (D:11)
1 creature vanquished.

Vanquished Creatures (others)
  A vampire mosquito (D:11)
  An orc wizard (D:8)
2 creatures vanquished.

Grand Total: 262 creatures vanquished

Notes
Turn   | Place    | Note
-------+----------+-------------------------------------------
     0 | D:5      | petzl the Formicid Delver began the quest for the Orb.
     0 | D:5      | Reached XP level 1. HP: 18/18 MP: 1/1
    10 | D:5      | Noticed a bullfrog
    20 | D:5      | Found a runed translucent gate.
    20 | D:5      | Found a runed translucent gate.
    20 | D:5      | Found a runed translucent gate.
    21 | D:5      | Noticed a kobold brigand
    23 | D:5      | Noticed SirDiesAlot's ghost (amateur OpIE)
    33 | D:5      | Noticed an iguana
    85 | D:4      | Noticed a hound
   101 | D:3      | Noticed Ijyb
   101 | D:3      | Noticed an orc priest
   107 | D:3      | You fall into a shaft and drop 3 floors!
   173 | D:6      | Noticed a bullfrog
   197 | D:7      | Noticed Menkaure
   289 | D:6      | Noticed a scorpion
   314 | D:6      | Killed a scorpion
   315 | D:6      | Reached XP level 2. HP: 12/25 MP: 2/2
   315 | D:6      | Reached XP level 3. HP: 15/30 MP: 3/3
   315 | D:6      | Reached XP level 4. HP: 19/37 MP: 4/4
   468 | D:6      | Noticed a black bear
   536 | D:7      | Found a staircase to the Ecumenical Temple.
   547 | Temple   | Entered the Ecumenical Temple
   622 | D:6      | Killed a bullfrog
   623 | D:6      | Reached skill level 1 in Spellcasting
   623 | D:6      | Reached XP level 5. HP: 25/42 MP: 4/6
   758 | D:6      | Reached skill level 1 in Armour
   758 | D:6      | Reached skill level 1 in Evocations
   804 | D:7      | Found Quplu's Magic Scroll Shoppe.
   806 | D:7      | Noticed a phantom
   831 | D:6      | You fall into a shaft and drop 1 floor!
  1029 | D:3      | Noticed Jessica
  1065 | D:4      | Reached XP level 6. HP: 45/48 MP: 8/8
  1173 | D:3      | Killed Jessica
  1183 | D:3      | Noticed Robin
  1295 | D:2      | Found Xabis's Armour Emporium.
  1806 | D:1      | Reached skill level 7 in Stealth
  1894 | D:1      | Learned a level 4 spell: Iskenderun's Mystic Blast
  1965 | D:1      | Found a faded altar of an unknown god.
  2523 | D:2      | Found a glowing golden altar of the Shining One.
  3076 | D:3      | Reached XP level 7. HP: 27/55 MP: 10/10
  3238 | D:3      | Reached skill level 1 in Shields
  3282 | D:3      | Killed Ijyb
  3431 | D:3      | Reached skill level 1 in Ranged Weapons
  3548 | D:3      | Killed Robin
  3549 | D:3      | Reached skill level 1 in Translocations
  3557 | D:3      | Reached skill level 1 in Conjurations
  3832 | D:3      | Noticed Natasha
  3841 | D:3      | Killed Natasha
  3947 | D:3      | Noticed Natasha
  3956 | D:3      | Killed Natasha
  3975 | D:3      | Noticed Sigmund
  4037 | D:3      | Noticed Natasha
  4047 | D:3      | Killed Natasha
  4620 | D:4      | Found Puaghurgh's Weapon Boutique.
  4864 | D:5      | Reached XP level 8. HP: 61/61 MP: 12/12
  5223 | D:4      | Noticed Duvessa
  5223 | D:4      | Noticed Dowan
  5245 | D:4      | Killed Dowan
  5424 | D:5      | You fall into a shaft and drop 1 floor!
  5692 | D:6      | You fall into a shaft and drop 2 floors!
  5817 | D:7      | You fall into a shaft and drop 3 floors!
  5817 | D:10     | Entered Level 10 of the Dungeon
  6066 | D:7      | You fall into a shaft and drop 2 floors!
  6202 | D:9      | Noticed a wyvern
  6427 | D:7      | Found Leeq Butz's Armour Boutique.
  6431 | D:7      | Bought a +0 cloak for 67 gold pieces
  6493 | D:7      | Bought 3 scrolls of identify for 90 gold pieces
  6635 | D:7      | Found Iddoa's General Store.
  6643 | D:7      | Bought a scroll of enchant weapon for 105 gold pieces
  6880 | D:7      | Found Teissos's General Store.
  6886 | D:7      | Bought a potion of curing for 39 gold pieces
  6925 | D:7      | Reached skill level 5 in Fighting
  7041 | D:7      | Found Ehur Olilo's Jewellery Shop.
  7047 | D:7      | Noticed Maggie
  7414 | D:6      | Reached XP level 9. HP: 68/68 MP: 12/14
  8303 | D:4      | You fall into a shaft and drop 2 floors!
  8464 | D:4      | You fall into a shaft and drop 1 floor!
  8684 | D:6      | Reached skill level 5 in Shields
  9007 | D:8      | Reached skill level 8 in Stealth
  9107 | D:8      | Noticed a troll
  9129 | D:8      | You fall into a shaft and drop 3 floors!
  9181 | D:11     | Noticed a two-headed ogre
  9281 | D:11     | Noticed an unseen horror
  9299 | D:11     | Killed an unseen horror
  9300 | D:11     | Reached skill level 5 in Spellcasting
  9300 | D:11     | Reached XP level 10. HP: 69/74 MP: 17/17
  9304 | D:10     | Found Zako's Magic Scroll Shop.
  9310 | D:10     | Bought a scroll of identify for 22 gold pieces
  9325 | D:10     | Bought a scroll of poison for 44 gold pieces
  9357 | D:11     | Found a frozen archway.
  9365 | IceCv    | Entered an ice cave
  9417 | IceCv    | Noticed an ice devil
  9417 | IceCv    | Noticed an ice devil
  9431 | D:11     | You fall into a shaft and drop 2 floors!
  9434 | D:13     | Noticed a white ugly thing
  9480 | D:12     | Noticed a two-headed ogre
  9487 | D:12     | Noticed Lodul
  9513 | D:9      | Found a shimmering blue altar of Sif Muna.
  9513 | D:9      | Found an ancient bone altar of Kikubaaqudgha.
  9554 | D:9      | Found a sparkling altar of Nemelex Xobeh.
  9800 | D:8      | You fall into a shaft and drop 2 floors!
  9811 | D:10     | Noticed a komodo dragon
 10194 | D:8      | Reached skill level 5 in Conjurations
 10464 | D:8      | Found a staircase to the Lair.
 10491 | D:8      | Reached skill level 5 in Translocations
 11135 | D:8      | Identified the +8 chain mail of Jigsaw {rC+ MP+9}
 11277 | D:8      | Reached XP level 11. HP: 61/79 MP: 20/20
 12045 | D:4      | You fall into a shaft and drop 1 floor!
 12193 | D:7      | You fall into a shaft and drop 3 floors!
 12423 | Lair:1   | Entered Level 1 of the Lair of Beasts
 12423 | Lair:1   | Noticed Fannar
 12716 | D:9      | Found a staircase to the Orcish Mines.
 13128 | D:9      | Noticed a two-headed ogre
 13155 | D:9      | You fall into a shaft and drop 3 floors!
 13481 | D:9      | Killed a two-headed ogre
 13748 | D:9      | Found a radiant altar of Vehumet.
 13750 | D:9      | Noticed a two-headed ogre
 13759 | D:9      | Killed a two-headed ogre
 13770 | D:9      | Became a worshipper of Vehumet
 13901 | D:9      | You fall into a shaft and drop 3 floors!
 13963 | D:12     | Noticed a cyclops
 13986 | D:12     | You fall into a shaft and drop 1 floor!
 14175 | D:12     | You fall into a shaft and drop 3 floors!
 14175 | D:15     | Entered Level 15 of the Dungeon
 14285 | D:15     | Found a staircase to the Depths.
 14285 | D:15     | Noticed a vampire mage
 14288 | D:15     | Noticed a necromancer
 14290 | D:15     | Noticed a skeletal warrior
 14298 | D:15     | Noticed a centaur warrior
 14328 | D:14     | Reached skill level 9 in Stealth
 14395 | D:13     | You fall into a shaft and drop 2 floors!
 14478 | D:15     | Noticed a deep elf pyromancer
 14492 | D:15     | Noticed a boulder beetle
 14497 | D:15     | HP: 1/75 [deep elf pyromancer/+0 short sword (4)]
 14498 | D:15     | Killed from afar by a deep elf pyromancer

Illustrated notes

Levels and vault maps discovered:
D:1:      dpeg_arrival_court, layout_basic, ebering_ecumenical_altar_rust,
          kennysheep_nondescript
D:2:      minmay_chambers_of_twos, layout_basic, serial_shops,
          nicolae_shop_tiny_glass, basic_altar, st_stairs_10, minmay_tromino_i4
D:3:      layout_loops_cross, minmay_lizard_king, uniq_sigmund, uniq_ijyb,
          uniq_natasha, uniq_jessica, uniq_robin
D:4:      dreamdust_elfheim, layout_basic, serial_shops, shop
D:5:      layout_basic, gammafunk_ghost_nasty_kobolds
D:6:      layout_basic, serial_rivers, chequers_serial_rivers_micro_a,
          chequers_serial_rivers_micro_c, chequers_serial_rivers_small_a,
          chequers_serial_rivers_large_a, chequers_serial_rivers_micro_d,
          chequers_serial_rivers_micro_c
D:7:      layout_loops_ring, minmay_temple_entry_large_hall, serial_shops,
          kennysheep_mini_moat, nicolae_shop_peninsula, shop, shop,
          nicolae_shop_rolling_square,
          hangedman_abyss_or_decor_jellyfish_corner, uniq_menkaure, uniq_maggie
D:8:      layout_loops_ring, erik_lair_island, grunt_decor_one_mirror,
          nicolae_sextant
D:9:      minmay_general_purpose_star, layout_irregular_city,
          gammafunk_temple_overflow_forgotten, marbit_many_paths,
          kennysheep_generic_room_13
D:10:     layout_irregular_city, serial_shops, nicolae_stop_n_shop_2,
          uniq_nergalle, uniq_urug
D:11:     layout_rooms, portal_ice_cave_entry_ice_simulacra,
          minmay_statue_bubble
D:12:     nzn_winding_woodlands_small [nzn_winding_woodlands_5x15_cabin,
          nzn_winding_woodlands_center_pierced_h,
          nzn_winding_woodlands_5x15_parted], layout_cave_pools, serial_shops,
          nicolae_shop_gibbet_a_chance, nicolae_shop_waterfront,
          grunt_decor_junction, ebering_dispersal_statue_hall,
          serial_park_tiny_pond, drop_trap, uniq_psyche, uniq_lodul
D:13:     layout_basic, gammafunk_ghost_ooze
D:14:     layout_stronghold, erik_vaults_2, serial_shops, shop, shop,
          nicolae_lakefront_shop, nicolae_shop_advertising_works
          [nicolae_subvault_shop_adworks], shop, chequers_serial_rivers_room_b,
          serial_co_window_serial, co_window_paths_a, co_window_corner_a,
          co_window_of_opportunity_a, co_window_corner_a,
          co_window_of_opportunity_a, co_window_corner_cb, co_window_corner_ca,
          co_window_2corner, co_window_corner_b, co_window_paths_e,
          glass_columns_c, glass_columns_b, glass_columns_c, glass_columns_c,
          glass_columns_b
D:15:     gammafunk_depths_entry_grave, layout_rooms, corexii_leaking_fountain
Temple:   mainiacjoe_temple_bowtie_tessellation
Lair:1:   layout_small_grid, serial_bayou_pond_d, worms_lemuel, uniq_gastronok,
          uniq_fannar

Skill      XL: |  1  2  3  4  5  6  7  8  9 10 11 |
---------------+----------------------------------+-----
Dodging        | 2 3 4 |  4.9
Fighting       | 4 5 |  5.0
Spellcasting   | 1 2 3 5 6 7 |  7.3
Armour         | 1 2 3 4 |  4.5
Evocations     | 1 2 |  2.0
Stealth        | 7 8 9 |  9.0
Shields        | 2 3 5 7 8 |  8.0
Ranged Weapons | 1 2 4 |  4.0
Translocations | 1 2 3 5 6 |  6.0
Conjurations   | 1 2 4 5 6 |  6.6
Maces & Flails | 3 |  3.4

Action                     |  1- 3 |  4- 6 |  7- 9 | 10-12 || total
---------------------------+-------+-------+-------+-------++-------
  Melee: Whip              |     7 |   137 |       |       ||   144
         Punch             |       |     1 |       |       ||     1
         Dagger            |       |    21 |   249 |   188 ||   458
         Falchion          |       |       |     9 |       ||     9
         Flail             |       |       |     7 |       ||     7
         Morningstar       |       |       |     2 |    83 ||    85
   Fire: Sling             |       |    51 |   206 |   177 ||   434
  Throw: Dart              |       |       |       |     7 ||     7
         Throwing net      |       |       |       |     2 ||     2
Ability: Shaft Self        |     1 |     1 |     7 |     9 ||    18
         Dig               |       |       |       |     2 ||     2
  Evoke: Wand              |       |       |     4 |    12 ||    16
    Use: Scroll            |     1 |     4 |    15 |     5 ||    25
         Potion            |       |       |     4 |     3 ||     7
   Stab: Sleeping          |     1 |     8 |     5 |     3 ||    17
 Armour: Leather armour    |    12 |    88 |   234 |   211 ||   545
         Chain mail        |       |       |       |     2 ||     2
  Dodge: Dodged            |    19 |    86 |   206 |   181 ||   492
  Block: Buckler           |       |       |    45 |    79 ||   124

Table legend: (Time is in decaauts)
 A = Elapsed time spent in this place.
 B = Non-inter-level travel time spent in this place.
 C = Inter-level travel time spent in this place.
 D = Time resting spent in this place.
 E = Time spent auto-exploring this place.
 F = Levels seen in this place.
 G = Mean time per level.
                   A        B        C        D        E       F      G
               +--------+--------+--------+--------+--------+-----+--------+
         Total |  14613 |  13787 |    826 |   4423 |   4699 |  18 |  811.8 |
       Dungeon |  14431 |  13606 |    825 |   4294 |   4699 |  15 |  962.1 |
        Temple |    118 |    117 |      1 |    112 |      0 |   1 |  118.0 |
          Lair |      1 |      1 |      0 |      0 |      0 |   1 |    1.0 |
      Ice Cave |     61 |     61 |      0 |     17 |      0 |   1 |   61.0 |
               +--------+--------+--------+--------+--------+-----+--------+

Top non-repeatable levels by time:
     D:8: 2121 daAuts
     D:6: 2083 daAuts
     D:9: 2049 daAuts
     D:3: 1721 daAuts
     D:5: 1291 daAuts
     D:7: 1289 daAuts
     D:2: 931 daAuts
     D:1: 804 daAuts
    D:10: 607 daAuts
     D:4: 551 daAuts
    D:11: 246 daAuts
    D:13: 244 daAuts
    D:15: 230 daAuts
    D:12: 203 daAuts
  Temple: 118 daAuts
